 Dungeon Crawl Stone Soup version 0.27-a0-1612-gde56a17b89 (webtiles) character file.

Game seed: 15674307585302193532

241 Shayle the Ducker (level 5, -12/46 HPs)
             Began as a Demigod Warper on July 22, 2021.
             Mangled by Duvessa (16 damage)
             ... on level 4 of the Dungeon.
             The game lasted 00:07:50 (4264 turns).

Shayle the Ducker (Demigod Warper)                  Turns: 4264, Time: 00:07:50

Health: -12/46     AC:  3    Str: 15    XL:     5   Next: 51%
Magic:  11/11      EV: 12    Int: 21    God:
Gold:   204        SH:  0    Dex: 13    Spells: 3/8 levels left

rFire    . . .     SeeInvis .   t - +8 mace of Corruption {holy, Str+3 Int+2}
rCold    . . .     Faith    .   (no shield)
rNeg     . . .     Spirit   .   b - +0 leather armour
rPois    .         Reflect  .   (no helmet)
rElec    .         Harm     .   (no cloak)
rCorr    .         Rampage  .   (no gloves)
Will     .....                  (no boots)
Stlth    +.........             (no amulet)
HPRegen  0.15/turn              (no ring)
MPRegen  0.12/turn              (no ring)

@: lethally poisoned (-12 -> -19)
A: high mp 1, forlorn
a: no special abilities


You were on level 4 of the Dungeon.
You visited 1 branch of the dungeon, and saw 4 of its levels.

You collected 204 gold pieces.

Inventory:

Hand Weapons
 a - a +0 spear
 e - a +0 hunting sling
 k - a +2 whip of draining
 n - a +0 dagger of electrocution
 t - the +8 mace of Corruption (weapon) {holy, Str+3 Int+2}
   (You found it on level 4 of the Dungeon)

   It has been blessed by the Shining One to cause great damage to the undead
   and demons.
   Str:       It affects your strength (+3).
   Int:       It affects your intelligence (+2).
Missiles
 d - 2 boomerangs of dispersal (quivered)
Armour
 b - a +0 leather armour (worn)
 j - a +0 ring mail
Wands
 s - a wand of digging (2)
Scrolls
 c - 2 scrolls of blinking
 f - a scroll of silence
 m - 4 scrolls of teleportation
 q - a scroll of identify
 u - a scroll of magic mapping {unknown}
Potions
 g - a potion of brilliance {unknown}
 h - 2 potions of haste
 i - a potion of degeneration
 l - a potion of ambrosia
 p - a potion of heal wounds
 r - a potion of curing {unknown}


   Skills:
 + Level 3.8 Fighting
 + Level 0.3 Maces & Flails
 - Level 1.7 Polearms
 - Level 0.8 Throwing
 - Level 0.8 Armour
 + Level 3.8 Dodging
 + Level 2.4 Spellcasting
 + Level 2.8 Translocations


You had 3 spell levels left.
You knew the following spells:

 Your Spells              Type           Power      Damage    Failure   Level
a - Blink                 Tloc           N/A        N/A       9%          2
b - Teleport Other        Tloc           14%        N/A       16%         3

Your spell library contained the following spells:

 Spells                   Type           Power      Damage    Failure   Level
 Apportation              Tloc           28%        N/A       5%          1
 Gell's Gravitas          Tloc           7%         N/A       16%         3
 Lesser Beckoning         Tloc           7%         N/A       16%         3
 Beastly Appendage        Tmut           4%         N/A       17%         1
 Sting                    Tmut/Pois      8%         1d3       17%         1
 Poisonous Vapours        Pois/Air       4%         N/A       26%         2
 Wereblood                Tmut           2%         N/A       26%         2
 Dazzling Flash           Conj/Hex       4%         N/A       45%         3
 Mephitic Cloud           Conj/Pois/Air  2%         N/A       45%         3
 Spider Form              Tmut/Pois      1%         N/A       45%         3
 Manifold Assault         Tloc           14%        N/A       83%         5
 Agony                    Necr           2%         N/A       99%         5
 Alistair's Intoxication  Tmut/Pois      1%         N/A       99%         5
 Silence                  Hex/Air        1%         N/A       99%         5
 Eringya's Noxious Bog    Tmut/Pois      1%         N/A       100%        6
 Invisibility             Hex            1%         N/A       100%        6


Dungeon Overview and Level Annotations

Branches:
Dungeon (4/15)
 Temple: D:4-7

Annotations:
D:2 1 runed translucent door, Crazy Yiuf
D:4 Dowan, Duvessa


Innate Abilities, Weirdness & Mutations

Your attributes grow dramatically as you level up.
You have an increased reservoir of magic. (+10% MP)
You shall have no god before yourself.


Message History

As you read the scroll labelled CEHARPH QAPEUJASI, it crumbles to dust.
You feel strangely unstable.
It was a scroll of teleportation.
This is a scroll of acquirement!
You see here the Guide on Venom.
Something appears at your feet!
You pick up the Guide on Venom and begin reading...
You add the spells Sting, Poisonous Vapours, Mephitic Cloud and Eringya's Noxious Bog to your library.
Done exploring.
Your surroundings suddenly seem different.
There is an escape hatch in the floor here.
You slide downwards.
The hatch slams shut behind you.
Level annotation: Dowan Duvessa shouts!
There is a stone staircase leading up, spattered with blood here.
Dowan shouts!
Dowan hits you with a +0 dagger of venom.
You are poisoned.
You barely miss Dowan.
You feel very sick. Dowan misses you. Dowan closely misses you.
You sock Dowan!
Dowan is heavily wounded.
You feel sick.
Dowan smirks and points a slender finger.
Dowan gestures at you while chanting. The puff of flame hits you!
The endoplasm quivers.
You hit Dowan.
Dowan is heavily wounded.
You feel sick.
Dowan hits you with a +0 dagger of venom.
You are more poisoned.
Unknown command.
You feel very sick.
The endoplasm jiggles.
Duvessa hits you with a +5 short sword of electrocution.
You feel sick.
Dowan drinks a potion.
Dowan is healed!
Duvessa hits you with a +5 short sword of electrocution!
* * * LOW HITPOINT WARNING * * *
You are electrocuted!
You die...

.#. # #. ...###
.#.#.#. ......
..#... .... ..#.##
# ... #....# ... #
#.## ##...###...
#.#..###.........
...#.J.e.@.......#
.....(..e.#.<....#
........####....##
.###......##....###
#...............#
##>.............#
#....#.........#
....###.....#.##
#.... ##....###


You could see Duvessa, Dowan and an endoplasm.

Vanquished Creatures
  Natasha (thrice) (D:2)
  An iguana (D:3)
  Terence (D:3)
  4 adders
  A dart slug (D:1)
  3 orcs (D:2)
  3 bats
  4 endoplasms
  4 giant cockroaches
  6 goblins
  6 hobgoblins
  9 jackals
  4 kobolds
  5 quokkas
  8 ball pythons
  4 frilled lizards
  9 rats
  A toadstool (D:2)
76 creatures vanquished.

Vanquished Creatures (others)
  8 fungi (D:2)
  4 toadstools (D:2)
12 creatures vanquished.

Grand Total: 88 creatures vanquished

Notes
Turn   | Place    | Note
-------+----------+-------------------------------------------
     0 | D:1      | Shayle the Demigod Warper began the quest for the Orb.
     0 | D:1      | Reached XP level 1. HP: 17/17 MP: 5/5
     1 | D:1      | Noticed an electric eel
   244 | D:1      | Reached XP level 2. HP: 14/24 MP: 7/7
   939 | D:1      | Learned a level 2 spell: Blink
  1302 | D:2      | Reached XP level 3. HP: 25/30 MP: 8/8
  1873 | D:2      | Noticed Natasha
  1886 | D:2      | Killed Natasha
  1887 | D:2      | Reached XP level 4. HP: 13/38 MP: 9/9
  2116 | D:2      | Learned a level 3 spell: Teleport Other
  2442 | D:2      | Found a runed translucent door.
  2443 | D:2      | Noticed Crazy Yiuf
  2710 | D:2      | Noticed Natasha
  2718 | D:2      | Killed Natasha
  2724 | D:2      | Noticed Natasha
  2743 | D:2      | Killed Natasha
  3069 | D:3      | Noticed Terence
  3416 | D:3      | Killed Terence
  3417 | D:3      | Reached XP level 5. HP: 27/45 MP: 9/11
  3835 | D:4      | Noticed Dowan
  3924 | D:4      | Identified the +8 mace of Corruption {holy, Str+3 Int+2}
  4245 | D:3      | Identified a scroll of acquirement
  4245 | D:3      | Acquired the Guide on Venom
  4250 | D:4      | Noticed Duvessa
  4264 | D:4      | Mangled by Duvessa

Illustrated notes

Levels and vault maps discovered:
D:1:      arrival_aquarium_a, layout_basic, hellmonk_ecumenical_altar_crossroads
D:2:      layout_loops_ring, minmay_misc_feat_plants, minmay_strange_pillars,
          st_stairs_11, minmay_gold_behind_fungi, serial_park_tiny_pond,
          uniq_natasha, uniq_crazy_yiuf_cottage
D:3:      layout_loops_cross, uniq_terence
D:4:      layout_cave_pools, grunt_temple_overflow_gold_and_silver,
          hangedman_decor_lopped, minivault_23, uniq_duvessa

Skill      XL: |  1  2  3  4 |
---------------+-------------+-----
Fighting       | 2 3 |  3.8
Dodging        | 2 3 |  3.8
Spellcasting   | 2 |  2.4
Maces & Flails | |  0.3
Polearms       | |  1.7
Throwing       | |  0.8
Armour         | |  0.8
Translocations | |  2.8

Action                   |  1- 3 |  4- 6 || total
-------------------------+-------+-------++-------
Melee: Spear             |    74 |       ||    74
       Whip              |    76 |    89 ||   165
       Mace              |       |    18 ||    18
Throw: Boomerang         |     3 |       ||     3
 Cast: Blink             |       |     1 ||     1
  Use: Scroll            |       |     5 ||     5
       Potion            |       |     1 ||     1
Armor: Leather armour    |    46 |    36 ||    82
Dodge: Dodged            |    92 |    85 ||   177

Table legend: (Time is in decaauts)
 A = Elapsed time spent in this place.
 B = Non-inter-level travel time spent in this place.
 C = Inter-level travel time spent in this place.
 D = Time resting spent in this place.
 E = Time spent auto-exploring this place.
 F = Levels seen in this place.
 G = Mean time per level.
                   A        B        C        D        E       F      G
               +--------+--------+--------+--------+--------+-----+--------+
         Total |   4307 |   3996 |    311 |    956 |   2190 |   4 | 1076.8 |
       Dungeon |   4307 |   3996 |    311 |    956 |   2190 |   4 | 1076.8 |
               +--------+--------+--------+--------+--------+-----+--------+

Top non-repeatable levels by time:
     D:2: 1860 daAuts
     D:3: 1106 daAuts
     D:1: 1076 daAuts
     D:4: 263 daAuts
